← All builds
Suicide front / Legion / Quick factory / OBSERVED BUILD

Standard suicide front

Quick Bot Lab into Vehicle Plant to project force at middle early with Ballista, Satyr, Decurion and Lance, transitioning into Barrage artillery and an Advanced Metal Extractor as the game develops.

#rush #raid · 26 distinct matches · 14 players · 79% of Legion Suicide front games · team won 50% of 26 · Recently observed

HOW TO PLAY IT

Key timing: Legion Vehicle Plant by 1:01

  1. Take a single mex and rush the bot lab immediately.
  2. Finish the bot lab fast to start early Decurion or Ballista pushes.
  3. Get the vehicle plant up to widen unit options for the front.
  4. Contest the middle early and expect combat losses right away.
  5. Pick up T2 constructor once middle is stabilized to prep for T2 arrivals.

Phase by phase

TYPICAL OF ITS 26 GAMES
  1. 1
  2. 2
  3. 3
PLAY THE OPENING

Follow the example game's first 6:00 step by step: what to build now, what comes next, and where it goes. At 1× it keeps pace with your own game.

  1. 1

    Up to the Legion Bot Lab

    Economy
    • Metal Extractor1Mex
    Order
    1. Legion Bot LabLegion Bot Lab after 2 mexdone ~0:34, middle half 0:20–0:35

    By 0:17 in all: 1 mex

    The example game in this phase · 94 steps
    1. Legion Vehicle PlantLegion Vehicle Plantdone 0:22 · typical 1:01
    2. Legion Construction VehicleLegion Construction Vehicle
    3. Mex
    4. Wind ×2
    5. PharosPharos
    6. Legion Construction VehicleLegion Construction Vehicle
    7. Mex ×2
    8. PharosPharos
    9. Legion Construction VehicleLegion Construction Vehicle
    10. Mex
    11. Radar TowerRadar Tower
    12. Legion Construction VehicleLegion Construction Vehicle
    13. Mex
    14. Wind
    15. DecurionDecurion
    16. PharosPharos
    17. Wind
    18. PharosPharos ×2
    19. BarrageBarrage
    20. Wind
    21. Con turret
    22. BarrageBarrage
    23. Wind
    24. LanceLance ×5
    25. PharosPharos ×2
    26. LanceLance ×4
    27. Con turret
    28. Wind
    29. PharosPharos
    30. LanceLance
    31. Wind
    32. LanceLance
    33. HiveHive
    34. Wind
    35. LanceLance
    36. Legion DroneLegion Drone
    37. LanceLance
    38. Legion DroneLegion Drone ×2
    39. Wind
    40. Legion DroneLegion Drone
    41. LanceLance
    42. Con turret
    43. Legion DroneLegion Drone
    44. Wind
    45. Con turret
    46. Advanced Metal ExtractorT2 mexdone 9:15 · typical 8:45
    47. Mex
    48. Legion DroneLegion Drone
    49. Wind
    50. AmputatorAmputator
    51. Legion Construction VehicleLegion Construction Vehicle
    52. Wind ×2
    53. Legion Construction VehicleLegion Construction Vehicle
    54. LanceLance
    55. Con turret
    56. Energy storage
    57. LanceLance
    58. Con turret
    59. Advanced Metal ExtractorT2 mex
    60. PharosPharos
    61. LanceLance
    62. PharosPharos
    63. Wind ×2
    64. LanceLance
    65. Wind
    66. AmputatorAmputator
    67. LanceLance
    68. Wind
    69. Advanced Metal ExtractorT2 mex
    70. LanceLance
    71. Con turret
    72. Wind ×5
    73. Con turret
    74. Wind
    75. LanceLance
    76. Wind
    77. Converter
    78. Advanced Metal ExtractorT2 mex
    79. Wind ×4
    80. LanceLance
    81. Wind ×3
    82. Converter
    83. Advanced Metal ExtractorT2 mex
    84. Wind
    85. LanceLance
    86. Wind ×3
    87. Con turret
    88. Wind ×2
    89. Converter
    90. Wind ×2
    91. Con turret
    92. Legion Construction VehicleLegion Construction Vehicle
    93. Wind ×2
    94. Legion Bot LabLegion Bot Labdone 13:47 · typical 0:34
  2. 2

    Legion Bot Lab to 5:00

    Economy
    • Metal Extractor5Mex
    • Wind Turbine7Wind
    Builders
    • Construction Turret1 Con turret
    • Legion Construction Bot3 Legion Construction Bot
    • Zagreus2 Zagreus
    Army
    • Pharos4 Pharos
    Other
    • Radar Tower1 Radar Tower

    Some games also: Ballista (42%) · Goblin (38%) · Satyr (38%) · Legion Construction Vehicle (35%) · Barrage (31%)

    By 5:00 in all: 6 mex · 8 wind · 1 con turret

  3. 3

    5:00 to 10:00

    Economy
    • Metal Extractor2Mex
    • Wind Turbine17Wind
    • Energy Storage1Energy storage
    Builders
    • Construction Turret3 Con turret

    Some games also: Zagreus (46%) · Radar Tower (42%) · converter (38%) · Ballista (38%) · Pharos (35%)

    By 10:00 in all: 8 mex · 25 wind · 1 energy storage · 4 con turret

    The example game in this phase · 60 steps
    1. Wind
    2. Con turret ×2
    3. Wind
    4. Converter
    5. Con turret
    6. Legion Construction VehicleLegion Construction Vehicle
    7. Wind ×2
    8. Legion Construction VehicleLegion Construction Vehicle
    9. Wind ×2
    10. ZagreusZagreus
    11. Wind
    12. LanceLance
    13. Wind
    14. ZagreusZagreus
    15. Wind
    16. LanceLance
    17. ZagreusZagreus
    18. Wind
    19. Advanced Metal ExtractorT2 mex
    20. LanceLance
    21. Wind
    22. ZagreusZagreus
    23. Converter
    24. LanceLance
    25. ZagreusZagreus
    26. Wind ×2
    27. ZagreusZagreus
    28. LanceLance
    29. Wind ×2
    30. ZagreusZagreus
    31. LanceLance
    32. Wind ×2
    33. ZagreusZagreus
    34. Wind
    35. LanceLance
    36. Wind
    37. ZagreusZagreus
    38. Wind
    39. LanceLance
    40. ZagreusZagreus
    41. Wind
    42. Converter
    43. OverwatchOverwatch
    44. LanceLance
    45. ZagreusZagreus
    46. Wind
    47. Legion DroneLegion Drone
    48. Wind
    49. ZagreusZagreus
    50. LanceLance
    51. Wind
    52. Legion DroneLegion Drone
    53. Wind
    54. ZagreusZagreus
    55. BeamerBeamer
    56. LanceLance
    57. Wind
    58. ZagreusZagreus
    59. Wind
    60. LanceLance

Counts are medians over the build's games: half of them build more, half fewer. The example game is Xad's (46 OS, 24/09/2026); pick another.

Team trades

IN AT LEAST 30% OF ITS GAMES

You hand over

Nothing regular.

You get

  • Tidal Generator4 Tidal from Pondfirst at 0:11 · in 69% of games
  • Advanced Construction Bot1 T2 con bot from Geo or Techfirst at 7:31 · in 54% of games

How it plays out

Typical game of this build, running totals by minute

Metal produced

010k20k30k
0:005:0010:0015:00

metal

Enemy metal destroyed

05k10k
0:005:0010:0015:00

metal

Own metal lost

05k10k
0:005:0010:0015:00

metal

26 games.

Show as table
ByMetal produced: This buildEnemy metal destroyed: This buildOwn metal lost: This build
1:0024900
2:0087900
3:00204220360
4:003176484320
5:0042971154788
6:00526718041130
7:00619125412201
8:00749140053250
9:00877445374000
10:001049947444506
11:001232249825031
12:001458453036112
13:001742860647159
14:002039474937635
15:002406490817997
WHAT THE NUMBERS SAY

Suicide front trades heavily, destroying more enemy metal early than any other role shown but also losing the most, reflecting its all-in nature.

  • + Enemy metal destroyed hits 1253 by 5:00, far ahead of other roles at that mark.
  • + Metal produced by 5:00 reaches 4185, among the highest early figures.
  • − Own metal lost reaches 5320 by 10:00, the heaviest losses of any build shown.
  • − Team win rate is only 48%, despite the aggressive early trades.
THE EXAMPLE YOU ARE READING

Xad

46.4 OS · 24/09/2026

Open source match ↗

5 received units · includes a constructor
129 metal received · 91755 energy received

Allied construction assistance is unknown. Timings are observations, not a promise of solo reproducibility.

Typical milestones

Legion Bot Lab0:34Middle 50%: 0:20–0:35 · n=17
Legion Vehicle Plant1:01Middle 50%: 0:36–6:33 · n=16
Advanced Metal Extractor8:45Middle 50%: 8:17–9:33 · n=13

Played most by

_X_8games of this build[crd]sisa4games of this build[Cookie]Maco2games of this buildyubiyubi2games of this buildBoozha1game of this build